 Dungeon Crawl Stone Soup version 0.29.1-2-gbd0b4ee654 (webtiles) character file.

Game seed: 7343913849571686857

287 hawla the Chiller (level 6, -15/45 HPs)
             Began as a Meteoran Ice Elementalist on Oct 31, 2022.
             Demolished by an ogre
             ... wielding a +0 giant club
              (23 damage)
             ... on level 6 of the Dungeon.
             The game lasted 00:04:03 (2091 turns).

hawla the Chiller (Meteoran Ice Elementalist)       Turns: 2091, Time: 00:04:03

Health: -15/45     AC:  3    Str:  9    XL:     6   Next: 88%
Magic:  7/12       EV: 12    Int: 20    God:
Gold:   130        SH:  0    Dex: 14    Spells: 4/12 levels left

rFire   . . .      SeeInvis .   (no weapon)
rCold   . . .      Faith    .   (no shield)
rNeg    . . .      Spirit   .   a - +0 robe
rPois   .          Reflect  .   e - +0 helmet
rElec   .          Harm     .   (no cloak)
rCorr   .          Rampage  .   (no gloves)
Will    .....                   (no boots)
Stlth   +.........              (no amulet)
HPRegen 0.15/turn               (no ring)
MPRegen 0.13/turn               (no ring)

@: glowing
A: sense surroundings 1, otherworldly, glowing, explore regen
a: no special abilities


You were on level 6 of the Dungeon.
You visited 1 branch of the dungeon, and saw 5 of its levels.

You collected 130 gold pieces.

Inventory:

Armour
 a - a +0 robe (worn)
 e - a +0 helmet (worn)
Wands
 m - a wand of roots (7) (quivered)
Scrolls
 c - a scroll of magic mapping {unknown}
 f - a scroll of enchant armour {unknown}
 g - a scroll of identify {unknown}
 h - 3 scrolls of poison {unknown}
 l - a scroll of immolation {unknown}
Potions
 b - a potion of magic
 d - 3 potions of curing {unknown}
 i - a potion of cancellation
 j - a potion of brilliance {unknown}
 k - a potion of heal wounds {unknown}


   Skills:
 - Level 2.5 Dodging
 - Level 1.4 Stealth
 - Level 3.9 Spellcasting
 + Level 4.8 Conjurations
 - Level 6.0 Ice Magic


You had 4 spell levels left.
You knew the following spells:

 Your Spells              Type           Power      Damage    Failure   Level
a - Freeze                Ice            100%       1d11      1%          1
b - Frozen Ramparts       Ice            54%        1d9       3%          3
c - Hailstorm             Conj/Ice       25%        3d7       14%         4

Your spell library contained the following spells:

 Spells                   Type           Power      Damage    Failure   Level
 Ozocubu's Armour         Ice            27%        N/A       3%          3
 Ensorcelled Hibernation  Hex/Ice        30%        N/A       6%          2
 Passwall                 Tmut/Erth      2%         N/A       21%         2
 Swiftness                Air            3%         N/A       36%         3


Dungeon Overview and Level Annotations

Branches:
Dungeon (6/15) Zot: 909
 Temple: D:4-7

Altars:
Ru


Innate Abilities, Weirdness & Mutations

You passively map a small area around you.
You are easily found by Zot.
You glow in the dark.
You regain HP and MP as you explore.


Message History

Aim: a bullfrog (almost dead, slow)
You freeze the bullfrog!
You kill the bullfrog!
The frozen ramparts melt away as you move.
There is a stone staircase leading up here.
d - 3 golden potions (gained 1) HP restored.
Magic restored.
An ogre comes into view. It is wielding a +0 giant club.
Casting: Freeze (safe; 1% risk of failure)
Confirm with . or Enter, or press ? or * to list all spells.
Casting: Frozen Ramparts (dangerous; 3% risk of failure)
Press: ? - help, Dir - look around, f - activate The walls around you are covered in ice.
The wall freezes the ogre.
The ogre hits you with a +0 giant club!
Casting: Frozen Ramparts (dangerous; 3% risk of failure)
Confirm with . or Enter, or press ? or * to list all spells.
Aiming: Freeze (safe; 1% risk of failure)
Press: ? - help, Shift-Dir - straight line, f - ogre
Aim: an ogre, wielding a +0 giant club (lightly wounded)
You freeze the ogre.
The ogre is moderately wounded.
Unknown command.
Casting: Freeze (safe; 1% risk of failure)
Confirm with . or Enter, or press ? or * to list all spells.
Aiming: Freeze (safe; 1% risk of failure)
Press: ? - help, Shift-Dir - straight line, f/p - ogre
Aim: an ogre, wielding a +0 giant club (moderately wounded)
You freeze the ogre.
The ogre is heavily wounded.
The wall freezes the ogre!
The ogre hits you with a +0 giant club!!
Ouch! That really hurt!
* * * LOW HITPOINT WARNING * * *
It was a potion of cancellation.
Your magical effects are unravelling.
You feel magically purged.
The frozen ramparts melt away.
The ogre hits you with a +0 giant club!!
Ouch! That really hurt!
You die...

*,#.##.# , *
,,,#.#..# * #.#.##
* , ######.#.# ###
#.........### *...
#.##........# ##.#
#........+ ..., ,
#........###.#.#.#
,
*######.....@.....#
*, #.#####O#.#... *
#.#, ... ,, , ,*
#.# ##.#,, #.#,*
,.#, * * #. ,* *# ,
,* *** , * , * *


You could see an ogre.

Vanquished Creatures
  A black bear (D:5)
  A bullfrog (D:6)
  A howler monkey (D:5)
  Ijyb (D:5)
  2 adders
  An ufetubus (D:5)
  A worm (D:3)
  2 dart slugs (D:1)
  3 bats
  6 endoplasms
  3 giant cockroaches (D:1)
  2 goblins (D:1)
  5 hobgoblins
  4 kobolds
  2 quokkas (D:1)
  4 ball pythons
  2 frilled lizards
  3 rats
44 creatures vanquished.

Notes
Turn   | Place    | Note
-------+----------+-------------------------------------------
     0 | D:1      | hawla the Meteoran Ice Elementalist began the quest for the
                  | Orb.
     0 | D:1      | Reached XP level 1. HP: 14/14 MP: 5/5
    47 | D:1      | Reached XP level 2. HP: 16/20 MP: 3/6
   191 | D:1      | Reached skill level 5 in Ice Magic
   191 | D:1      | Reached XP level 3. HP: 26/26 MP: 6/8
   500 | D:1      | Glimpsed the power of Zot.
   585 | D:2      | Reached XP level 4. HP: 33/33 MP: 6/10
  1100 | D:2      | Glimpsed the power of Zot.
  1150 | D:2      | Glimpsed the power of Zot.
  1162 | D:3      | Learned a level 3 spell: Frozen Ramparts
  1214 | D:3      | Learned a level 4 spell: Hailstorm
  1310 | D:3      | You fall into a shaft and drop 2 floors!
  1310 | D:5      | Entered Level 5 of the Dungeon
  1422 | D:5      | Reached XP level 5. HP: 38/38 MP: 7/11
  1423 | D:5      | Reached skill level 6 in Ice Magic
  1430 | D:5      | Found a sacrificial altar of Ru.
  1468 | D:5      | Noticed a black bear
  1475 | D:5      | Killed a black bear
  1476 | D:5      | Reached XP level 6. HP: 42/45 MP: 2/12
  1752 | D:5      | Noticed Ijyb
  1756 | D:5      | Killed Ijyb
  2087 | D:6      | Noticed an ogre
  2091 | D:6      | Demolished by an ogre

Illustrated notes

Levels and vault maps discovered:
D:1:      dpeg_arrival_round_c, layout_basic, hex_tiny, chequers_jeans
D:2:      layout_loops_corners
D:3:      wad_crossroads, layout_basic, mainiacjoe_overflow_boulevard
D:5:      layout_basic, nicolae_ru_path_of_blood, uniq_ijyb
D:6:      layout_basic, minmay_temple_entry_offerings, uniq_prince_ribbit1,
          uniq_eustachio, uniq_sigmund

Skill      XL: |  1  2  3  4  5  6 |
---------------+-------------------+-----
Spellcasting   | 3 |  3.9
Ice Magic      | 5 6 |  6.0
Conjurations   | 3 4 |  4.8
Dodging        | |  2.5
Stealth        | |  1.4

Action                   |  1- 3 |  4- 6 || total
-------------------------+-------+-------++-------
Melee: Unarmed           |     5 |     2 ||     7
 Cast: Freeze            |    41 |    19 ||    60
       Frozen Ramparts   |       |     7 ||     7
       Hailstorm         |       |     2 ||     2
  Use: Potion            |       |     1 ||     1
Armor: Robe              |     8 |     6 ||    14
Dodge: Dodged            |    15 |    15 ||    30
